 Dungeon Crawl Stone Soup version bcrawl-1.12-10-g10a67aac0f (webtiles) character file.

Game seed: 15479417449541826148

180 Hercules1031 the Covert (level 5, -1/33 HPs)
             Began as a Dusk Walker Rogue on June 16, 2019.
             Slain by a hippogriff (4 damage)
             ... on level 3 of the Dungeon.
             The game lasted 00:08:31 (2291 turns).

Hercules1031 the Covert (Dusk Walker Rogue)         Turns: 2291, Time: 00:08:31

Health: -1/33      AC:  3    Str: 11    XL:     5   Next: 33%
Magic:  15/15      EV: 11    Int: 11    God:
Gold:   231        SH:  8    Dex: 16    Spells: 4/4 levels left

rFire    . . .     SeeInvis .   a - +2 dagger
rCold    . . .     Gourm    .   (no shield)
rNeg     . . .     Faith    .   c - +0 robe
rPois    .         Spirit   .   (helmet restricted)
rElec    .         Reflect  +   d - +0 cloak
rCorr    .         Harm     .   (no gloves)
MR       .....                  (no boots)
Stlth    +++++.....             o - +4 amulet of reflection
HPRegen  0.11/turn              r - ring of magical power
MPRegen  0.14/turn              (no ring)

@: no status effects
A: draining touch, unencumbered stealth, fangs 2, horns 1, large bone plates 1,
nightstalker 1
a: no special abilities


You were on level 3 of the Dungeon.
You were not hungry.

You visited 1 branch of the dungeon, and saw 3 of its levels.

You collected 231 gold pieces.

Inventory:

Hand Weapons
 a - a +2 dagger (weapon)
 b - a +0 blowgun
Missiles
 e - 80 poisoned needles
 y - 71 needles of confusion
Armour
 c - a +0 robe (worn)
 d - a +0 cloak (worn)
 k - a +0 chain mail
 l - a +0 helmet
 v - a +0 shield
Jewellery
 o - a +4 amulet of reflection (around neck)
 r - a ring of magical power (left hand)
Wands
 f - a wand of flame (13)
 g - a wand of enslavement (15)
Scrolls
 i - 2 scrolls of remove curse
 m - 2 scrolls of enchant armour {unknown}
 n - 3 scrolls of immolation {unknown}
 t - a scroll of enchant weapon {unknown}
 w - a scroll of amnesia {unknown}
 B - a scroll of magic mapping {unknown}
Potions
 j - 2 potions of mutation
 s - a potion of brilliance
Comestibles
 h - 4 rations {!d}


   Skills:
 + Level 1.6 Fighting
 + Level 4.0 Short Blades
 - Level 1.5 Throwing
 + Level 0.4 Dodging
 + Level 8.9 Stealth
 + Level 0.5 Shields
 - Level 2.0 Evocations


You had 4 spell levels left.
You didn't know any spells.
Your spell library was empty.

Dungeon Overview and Level Annotations

Branches:
Dungeon (3/12)

Altars:


Innate Abilities, Weirdness & Mutations

Your attacks drain your enemies.
You move stealthily even while encumbered by armour.
You have extremely sharp teeth.
You are slightly more attuned to the shadows.
You have a pair of small horns on your head.
You are partially covered in large bone plates. (SH +4)


Message History

The hippogriff claws you.
You hit Jessica but do no damage. You drain Jessica.
Your headbutt misses Jessica.
Jessica is heavily wounded.
The hippogriff barely misses you. The hippogriff pecks you.
The hippogriff closely misses you. You block Jessica's attack.
You barely miss Jessica. You bite Jessica.
Jessica is severely wounded.
You block the hippogriff's attack. The hippogriff misses you.
The hippogriff barely misses you.
Jessica casts a spell.
Jessica seems to speed up.
You kill Jessica!
Your Short Blades skill increases to level 4!
The hippogriff bites you!
* * * LOW HITPOINT WARNING * * *
The hippogriff pecks you.
* * * LOW HITPOINT WARNING * * *
The hippogriff claws you.
You die...

##### #.....#.#.#######.#.##
÷...############.#.#.#†..........
....)..............#.#)#<....#.##
....############.###.#.####.....^
....# #.# .#..."....... ....# #.#
########..## ....# #.# ..........
....# #.# ######.>.. ....#
#@########< ####. ....#
#H......... #. ....# #...(†.....
## >...# #.......... ....#
##......... ....# #....$....
....# #......... ##### #.....!...
#.$.......


You could see a hippogriff.

Vanquished Creatures
  A crimson imp (D:3)
  Jessica (D:3)
  5 adders (D:3)
  3 worms
  A dart slug (D:2)
  2 leopard geckos (D:1)
  3 orcs (D:2)
  7 giant cockroaches
  5 goblins
  3 hobgoblins
  8 jackals
  7 kobolds
  A quokka (D:3)
  A bat (D:1)
  3 frilled lizards
  6 rats
57 creatures vanquished.

Notes
Turn   | Place    | Note
-------+----------+-------------------------------------------
     0 | D:1      | Hercules1031 the Dusk Walker Rogue began the quest for the
                  | Orb.
     0 | D:1      | Reached XP level 1. HP: 11/11 MP: 2/2
   160 | D:1      | Reached XP level 2. HP: 13/17 MP: 3/3
   161 | D:1      | Reached skill level 7 in Stealth
   527 | D:1      | Reached XP level 3. HP: 21/21 MP: 4/4
  1214 | D:2      | Reached skill level 8 in Stealth
  1588 | D:3      | Gained mutation: You are slightly more attuned to the
                  | shadows. [Dusk Walker growth]
  1588 | D:3      | Reached XP level 4. HP: 18/27 MP: 5/5
  1992 | D:3      | Gained mutation: You have a pair of small horns on your
                  | head. [potion of mutation]
  1992 | D:3      | Gained mutation: You are partially covered in large bone
                  | plates. (SH +4) [potion of mutation]
  2020 | D:3      | Reached skill level 1 in Fighting
  2020 | D:3      | Reached XP level 5. HP: 33/33 MP: 6/6
  2276 | D:3      | Noticed a hippogriff
  2278 | D:3      | Noticed Jessica
  2290 | D:3      | Killed Jessica
  2291 | D:3      | Slain by a hippogriff

Skill      XL: |  1  2  3  4  5 |
---------------+----------------+-----
Stealth        | 7 8 |  8.9
Short Blades   | 3 4 |  4.0
Fighting       | 1 |  1.6
Throwing       | |  1.5
Dodging        | |  0.4
Shields        | |  0.5
Evocations     | |  2.0

Action                   |  1- 3 |  4- 6 || total
-------------------------+-------+-------++-------
Melee: Dagger            |   114 |   129 ||   243
       Bite              |     9 |    14 ||    23
Evoke: Wand              |       |     2 ||     2
  Use: Scroll            |     3 |     3 ||     6
       Potion            |     1 |     8 ||     9
 Stab: Sleeping          |    15 |     5 ||    20
  Eat: Ration            |     1 |       ||     1
       Chunk             |     1 |       ||     1
Armor: Robe              |    17 |    19 ||    36
       Skin              |       |     2 ||     2
Dodge: Dodged            |    44 |    45 ||    89
Block: Other             |    11 |    12 ||    23
